 Dungeon Crawl Stone Soup version 0.30-a0-808-g6e0788376e (webtiles) character file.

Game seed: 3085623157750039509

221 Ceno the Grave Robber (level 5, -5/24 HPs)
             Began as a Vine Stalker Necromancer on Feb 26, 2023.
             Slain by Pikel
             ... wielding a +0 whip of freezing
              (8 damage)
             ... on level 4 of the Dungeon.
             The game lasted 00:12:30 (2976 turns).

Ceno the Grave Robber (Vine Stalker Necromancer)    Turns: 2976, Time: 00:12:30

Health: -5/24      AC:  4    Str: 11    XL:     5   Next: 98%
Magic:  0/11       EV: 12    Int: 17    God:
Gold:   89         SH:  0    Dex: 14    Spells: 3/11 levels left

rFire   + . .      SeeInvis .    e - +0 dagger
rCold   . . .      Faith    .    (no shield)
rNeg    . . .      Spirit   +    a - +0 robe
rPois   .          Reflect  .    k - +0 helmet
rElec   .          Harm     .    (no cloak)
rCorr   .          Rampage  .    (no gloves)
Will    .....                    w - +0 pair of boots
Stlth   +++                      (no amulet)
HPRegen 1.04/turn                i - +4 ring of slaying
MPRegen 0.12/turn                t - ring of protection from fire

@: animating dead (expiring)
A: fangs 2, regeneration 1, magic shield, antimagic bite, no potion heal 2
a: no special abilities


You were on level 4 of the Dungeon.
You visited 1 branch of the dungeon, and saw 4 of its levels.

You collected 89 gold pieces.

Inventory:

Hand Weapons
 e - a +0 dagger (weapon)
Missiles
 l - 10 stones (quivered)
Armour
 a - a +0 robe (worn)
 k - a +0 helmet (worn)
 r - a +0 buckler
 w - a +0 pair of boots (worn)
Jewellery
 i - a +4 ring of slaying (left hand)
 q - a ring of resist corrosion
 s - a +6 ring of dexterity
 t - a ring of protection from fire (right hand)
Wands
 m - a wand of polymorph (6)
Scrolls
 f - a scroll of fear
 g - 2 scrolls of teleportation {unknown}
 n - 2 scrolls of enchant weapon {unknown}
 o - 3 scrolls of poison {unknown}
 p - a scroll of noise {unknown}
 u - a scroll of blinking {unknown}
 y - a scroll of fog {unknown}
Potions
 b - a potion of magic
 d - a potion of attraction
 h - a potion of might
 j - a potion of cancellation
 v - a potion of curing {unknown}
 x - a potion of haste {unknown}
 z - 2 potions of mutation


   Skills:
 + Level 1.0 Short Blades
 - Level 1.5 Dodging
 - Level 5.0 Stealth
 + Level 3.5 Spellcasting
 * Level 5.1 Necromancy


You had 3 spell levels left.
You knew the following spells:

 Your Spells              Type           Power      Damage    Failure   Level
a - Necrotise             Necr           80%        1d8       1%          1
b - Vampiric Draining     Necr           20%        2d7       6%          3
c - Animate Dead          Necr           20%        N/A       21%         4

Your spell library contained the following spells:

 Spells                   Type           Power      Damage    Failure   Level
 Agony                    Necr           20%        N/A       50%         5


Dungeon Overview and Level Annotations

Branches:
Dungeon (4/15)             Temple (0/1) D:4

Altars:
Vehumet

Annotations:
D:4 Pikel


Innate Abilities, Weirdness & Mutations

You have extremely sharp teeth.
Your natural rate of healing is unusually fast.
When hurt, damage is shared between your health and your magic reserves.
Your bite disrupts and absorbs the magic of your enemies.
Potions cannot restore your health.


Message History

You kill the orc!
You feel life coursing into your body.
The dead are walking!
The endoplasm barely misses you.
A lemure comes into view.
The lemure hits you. The lemure hits you!
* * * LOW HITPOINT WARNING * * *
Pikel says, "Asmodeus and me are pals.
He gave me this whip."
Your orc zombie hits the lemure but does no damage.
The lemure attacks as you move away! The lemure barely misses you.
Found a scale mail.
The lemure hits your orc zombie!
Your orc zombie is destroyed!
Your orc zombie hits the endoplasm.
The lemure attacks as you move away! The lemure closely misses you.
The endoplasm attacks as you move away! The endoplasm closely misses you.
The lemure hits your orc zombie!
Your orc zombie is destroyed!
The lemure hits your orc zombie!
Your orc zombie is destroyed!
The endoplasm attacks as you move away! The endoplasm barely misses you.
The giant cockroach waves its antennae.
The endoplasm attacks as you move away!
The endoplasm hits you but does no damage.
The endoplasm attacks as you move away! The endoplasm misses you.
The endoplasm attacks as you move away! The endoplasm misses you.
The endoplasm attacks as you move away! The endoplasm barely misses you.
The endoplasm attacks as you move away!
The endoplasm hits you but does no damage.
Your reaping aura is weakening.
The endoplasm attacks as you move away! The endoplasm barely misses you.
The lemure barely misses you. x2
The endoplasm attacks as you move away! The endoplasm barely misses you.
Pikel hits you with a +0 whip of freezing!
Pikel freezes you. The lemure attacks as you move away! The lemure hits you.
There is a stone staircase leading up here.
The endoplasm hits you but does no damage.
The lemure hits you!
* * * LOW HITPOINT WARNING * * *
Pikel hits you with a +0 whip of freezing!
You die...

...#...#..............#
.........#.8.#.........
......................
.........8.>.8........
........[..........#
.........#.8.#.....####.
...........#...o.)......
...........#...K.)......
...###.####.55J@)......
#....5..B5).......
#.####.#####...... ...#
#.... ....## ...###
#..### ###.# ##### #..#
.# ~ #..# # #... ##.#


You could see Pikel, 4 lemures, an orc, an endoplasm and a giant cockroach.

Vanquished Creatures
  2 iguanas
  Terence (D:2)
  3 gnolls (D:3)
  4 adders
  2 worms (D:2)
  2 dart slugs (D:1)
  6 orcs
  5 bats
  7 endoplasms
  5 goblins
  7 hobgoblins
  3 kobolds
  5 quokkas
  5 ball pythons
  2 frilled lizards
  8 rats
67 creatures vanquished.

Vanquished Creatures (collateral kills)
  A frilled lizard (D:1)
1 creature vanquished.

Vanquished Creatures (others)
  3 orc zombies (D:4)
  2 demonic plants (D:2)
  2 fungi (D:4)
7 creatures vanquished.

Grand Total: 75 creatures vanquished

Notes
Turn   | Place    | Note
-------+----------+-------------------------------------------
     0 | D:1      | Ceno the Vine Stalker Necromancer began the quest for the
                  | Orb.
     0 | D:1      | Reached XP level 1. HP: 9/9 MP: 4/4
   274 | D:1      | Reached XP level 2. HP: 13/13 MP: 1/6
   661 | D:1      | Reached XP level 3. HP: 16/16 MP: 5/7
   665 | D:1      | Learned a level 3 spell: Vampiric Draining
   809 | D:2      | Noticed Terence
  1212 | D:2      | Killed Terence
  1213 | D:2      | Gained mutation: Your natural rate of healing is unusually
                  | fast. [Vine Stalker growth]
  1213 | D:2      | Reached XP level 4. HP: 21/21 MP: 2/9
  1232 | D:2      | Learned a level 4 spell: Animate Dead
  1659 | D:2      | Found a faded altar of an unknown god.
  2028 | D:3      | Found a radiant altar of Vehumet.
  2263 | D:3      | Reached XP level 5. HP: 24/24 MP: 8/10
  2282 | D:3      | Reached skill level 5 in Stealth
  2852 | D:2      | Reached skill level 1 in Short Blades
  2852 | D:2      | Reached skill level 5 in Necromancy
  2947 | D:4      | Noticed a lemure
  2948 | D:4      | Found a staircase to the Ecumenical Temple.
  2949 | D:4      | Noticed a lemure
  2950 | D:4      | Noticed Pikel
  2956 | D:4      | Noticed a lemure
  2957 | D:4      | Noticed a lemure
  2976 | D:4      | Slain by Pikel

Illustrated notes

Levels and vault maps discovered:
D:1:      eino_arrival_tree_alley, layout_loops_cross
D:2:      layout_loops_ring, serial_rivers, chequers_serial_rivers_micro_b,
          chequers_serial_rivers_large_b, chequers_serial_rivers_small_a,
          chequers_serial_rivers_micro_c,
          dreamdust_ecumenical_altar_sealed_demon, st_stairs_3,
          kennysheep_generic_room_2, uniq_terence
D:3:      layout_loops_ring, mainiacjoe_overflow_boulevard, eino_tiny_chamber,
          uniq_sigmund
D:4:      layout_basic, makhleb_heckhound_becter, kennysheep_little_box,
          minmay_temple_entry_statues_pillars, serial_aquarium,
          aquarium_bridge_square [aquarium_subvault_bridge,
          aquarium_subvault_window, aquarium_subvault_wall,
          aquarium_subvault_balcony], aquarium_window_corner,
          aquarium_window_double, aquarium_view_2c, aquarium_pool_2,
          uniq_blork_the_orc, uniq_pikel, uniq_crazy_yiuf_cottage

Skill      XL: |  1  2  3  4  5 |
---------------+----------------+-----
Stealth        | 3 4 5 |  5.0
Spellcasting   | 3 |  3.5
Short Blades   | 1 |  1.0
Necromancy     | 5 |  5.1
Dodging        | |  1.5

Action                     |  1- 3 |  4- 6 || total
---------------------------+-------+-------++-------
  Melee: Dagger            |    22 |    47 ||    69
         Bite              |     4 |    10 ||    14
  Throw: Stone             |     1 |     5 ||     6
   Cast: Necrotise         |    32 |    24 ||    56
         Animate Dead      |       |     1 ||     1
         Vampiric Draining |       |     1 ||     1
    Use: Scroll            |       |     6 ||     6
   Stab: Sleeping          |     9 |    11 ||    20
         Distracted        |     1 |       ||     1
 Armour: Robe              |     3 |     9 ||    12
  Dodge: Dodged            |     8 |    39 ||    47

Table legend: (Time is in decaauts)
 A = Elapsed time spent in this place.
 B = Non-inter-level travel time spent in this place.
 C = Inter-level travel time spent in this place.
 D = Time resting spent in this place.
 E = Time spent auto-exploring this place.
 F = Levels seen in this place.
 G = Mean time per level.
                   A        B        C        D        E       F      G
               +--------+--------+--------+--------+--------+-----+--------+
         Total |   3035 |   2904 |    131 |    438 |   1257 |   4 |  758.8 |
       Dungeon |   3035 |   2904 |    131 |    438 |   1257 |   4 |  758.8 |
               +--------+--------+--------+--------+--------+-----+--------+

Top non-repeatable levels by time:
     D:2: 1396 daAuts
     D:1: 815 daAuts
     D:3: 765 daAuts
     D:4: 57 daAuts
